AoeStats
← Franklin

Coastal Forest

510697422Analyzed
2v2 RM · 19h ago on Oct 2, 2026· 55m 49s· 4 players
Game mode
Random Map
Map size
Medium (4 player)
Population
200
Speed
Normal
Resources
Standard
Victory
Conquest
Starting age
Dark Age
Ending age
Imperial Age
RankedLock teamsTeams togetherTeam positionsShared explorationLock speedFull tech treeHidden civsTurbo modeCheats
Victory
Defeat
🇳🇿 Varangians · New Zealand
966
+16
🇺🇸 Mongols · United States
843
+20
🇦🇷 Goths · Argentina
954
-18
🇦🇷 Inca · Argentina
953
-18
LittleLogiBear
1:27 Loom
10:58 Feudal Age
11:24 Double-Bit Axe
18:29 Castle Age
22:37 Crossbowman
23:22 Fletching
24:48 Bodkin Arrow
41:17 Horse Collar
42:02 Padded Archer Armor
46:46 Imperial Age
47:29 Bloodlines
47:20 Husbandry
47:30 Scale Barding Armor
47:37 Forging
47:38 Cavalier
52:16 Man-at-Arms
53:50 Long Swordsman
54:35 Two-Handed Swordsman
55:04 Gambesons
55:31 Arson
55:47 Squires
UnknownAxis0
9:27 Loom
11:46 Feudal Age
15:32 Castle Age
13:41 Double-Bit Axe
15:15 Bloodlines
43:00 Forging
42:56 Scale Barding Armor
46:36 Imperial Age
44:44 Wheelbarrow
43:58 Town Watch
48:02 Crossbowman
48:47 Thumb Ring
49:10 Ballistics
49:51 Chemistry
49:47 Arbalester
51:25 Bow Saw
51:33 Hand Cart
51:20 Town Patrol
51:22 Fletching
52:09 Iron Casting
51:55 Chain Barding Armor
51:37 Padded Archer Armor
51:04 Elite Steppe Lancer
51:48 Husbandry
Franklin
11:31 Feudal Age
13:31 Champi Runner
14:20 Double-Bit Axe
14:16 Horse Collar
15:51 Loom
16:20 Forging
19:01 Scale Mail Armor
18:53 Fletching
24:00 Gold Mining
26:47 Padded Archer Armor
29:47 Castle Age
30:20 Elite Skirmisher
31:20 Thumb Ring
32:21 Pikeman
33:52 Bow Saw
36:31 Heavy Plow
37:16 Iron Casting
48:05 Andean Sling
Mek666nix
5:32 Loom
10:30 Feudal Age
10:59 Man-at-Arms
25:07 Scale Mail Armor
25:17 Forging
29:07 Gold Mining
29:04 Double-Bit Axe
29:02 Horse Collar
32:46 Castle Age
34:38 Elite Skirmisher
35:43 Bow Saw
36:15 Squires
38:07 Stone Mining
40:31 Heavy Plow
41:14 Anarchy
44:21 Imperial Age
Connection lost

Rejoining the realm…

Still unreachable

The connection could not be restored.

Session expired

The server has moved on; the page needs a fresh start.